 Dungeon Crawl Stone Soup version 0.29.1-1-gd02db6906a (webtiles) character file.

Game seed: 3400083691561356481

212 holycorn the Chopper (level 5, -3/47 HPs)
             Began as a Hill Orc Fighter on Sept 20, 2022.
             Was a Believer of Elyvilon.
             Slain by a gnoll
             ... wielding a +0 club
              (4 damage)
             ... on level 4 of the Dungeon.
             The game lasted 00:08:36 (2895 turns).

holycorn the Chopper (Hill Orc Fighter)             Turns: 2895, Time: 00:08:36

Health: -3/47      AC:  8    Str: 27    XL:     5   Next: 90%
Magic:  14/14      EV:  9    Int:  8    God:    Elyvilon [**....]
Gold:   128        SH:  4    Dex: 10    Spells: 4/4 levels left

rFire   . . .      SeeInvis .   a - +0 war axe
rCold   . . .      Faith    .   c - +0 buckler
rNeg    . . .      Spirit   .   b - +0 scale mail
rPois   .          Reflect  .   (no helmet)
rElec   .          Harm     .   (no cloak)
rCorr   .          Rampage  .   l - +0 pair of gloves
Will    .....                   (no boots)
Stlth   ..........              (no amulet)
HPRegen 0.15/turn               q - +6 ring of strength
MPRegen 0.14/turn               r - ring of magical power

@: no status effects
A: no striking features
a: Renounce Religion, Purification, Heal Other


You were on level 4 of the Dungeon.
You worshipped Elyvilon.
Elyvilon was pleased with you.
You visited 1 branch of the dungeon, and saw 4 of its levels.

You collected 128 gold pieces.

Inventory:

Hand Weapons
 a - a +0 war axe (weapon)
Armour
 b - a +0 scale mail (worn)
 c - a +0 buckler (worn)
 l - a +0 pair of gloves (worn)
Jewellery
 q - a +6 ring of strength (left hand)
 r - a ring of magical power (right hand)
Wands
 p - a wand of quicksilver (8)
Scrolls
 g - a scroll of vulnerability {unknown}
 h - a scroll of enchant weapon {unknown}
 j - 2 scrolls of teleportation {unknown}
 k - a scroll of identify {unknown}
 m - a scroll of fear {unknown}
 u - a scroll of enchant armour {unknown}
Potions
 d - a potion of might
 e - 2 potions of berserk rage {unknown}
 f - a potion of attraction {unknown}
 i - 4 potions of cancellation {unknown}
 n - a potion of brilliance {unknown}
 o - a potion of haste {unknown}
 s - 3 potions of flight {unknown}
 t - a potion of curing {unknown}
 v - 2 potions of resistance {unknown}
 w - a potion of magic {unknown}


   Skills:
 + Level 4.7 Fighting
 + Level 5.5 Axes
 + Level 4.7 Armour
 + Level 0.5 Dodging
 + Level 0.1 Stealth
 - Level 3.2 Shields


You had 4 spell levels left.
You didn't know any spells.
Your spell library contained the following spells:

 Spells                   Type           Power      Damage    Failure   Level
 Magic Dart               Conj           0%         1d3       77%         1
 Call Imp                 Summ           0%         N/A       88%         2
 Mephitic Cloud           Conj/Pois/Air  0%         N/A       98%         3
 Leda's Liquefaction      Hex/Erth       0%         N/A       100%        4
 Lee's Rapid Deconstruct  Erth           0%         3d5*      100%        5
 Statue Form              Tmut/Erth      0%         N/A       100%        6


Dungeon Overview and Level Annotations

Branches:
Dungeon (4/15)
 Temple: D:4-7

Altars:
Elyvilon
Gozag
Wu Jian

Shops:
D:2 *


Message History

You hit the gnoll but do no damage. You hit the gnoll.
The ball python bites you but does no damage.
The ball python constricts you. The gnoll hits you but does no damage.
The gnoll barely misses you.
The ball python bites you but does no damage.
The ball python constricts you.
You slash the ball python!
You kill the ball python!
You hit the gnoll but do no damage. You barely miss the gnoll.
The gnoll barely misses you. You block the gnoll's attack.
The gnoll hits you but does no damage. The gnoll hits you with a +0 flail!
The gnoll hits you with a +0 club.
You hit the gnoll but do no damage.
The gnoll is moderately wounded.
You barely miss the gnoll.
The gnoll hits you from afar with a +0 spear.
The gnoll hits you with a +0 club. The gnoll hits you with a +0 flail.
Press: ? - help, Dir - move target, f - you Sorry, you can't target yourself.
You are too injured to fight recklessly!
You closely miss the gnoll.
The gnoll is moderately wounded.
You closely miss the gnoll. The gnoll hits you with a +0 flail.
The gnoll hits you but does no damage.
The gnoll hits you from afar with a +0 spear.
* * * LOW HITPOINT WARNING * * *
You hit the gnoll.
The gnoll is heavily wounded.
You barely miss the gnoll. The gnoll hits you but does no damage.
You block the gnoll's attack. The gnoll closely misses you.
You closely miss the gnoll.
The gnoll is heavily wounded.
You closely miss the gnoll. The gnoll barely misses you.
The gnoll hits you but does no damage. The gnoll hits you with a +0 flail!
* * * LOW HITPOINT WARNING * * *
The gnoll closely misses you. The gnoll barely misses you.
The gnoll hits you with a +0 flail. Elyvilon protects you from harm!
The gnoll hits you with a +0 club.
You die...

... #..## #...
#.... #....#...#
#....#...#
.....#...#
.[...g...#
#.g.g.# #..g@.#
#.$...# #..#).#
#..$..# #.##.##
###.##.#######
#.............
#.#....######.#
#...###.<......#


You could see 4 gnolls.

Vanquished Creatures
  Jessica (D:2)
  Natasha (thrice) (D:2)
  Terence (D:3)
  Robin (D:3)
  2 adders (D:2)
  2 orcs
  5 ball pythons
  3 bats
  3 endoplasms
  A giant cockroach (D:1)
  11 goblins
  5 hobgoblins
  5 jackals
  4 kobolds
  2 quokkas
  3 frilled lizards (D:1)
  2 rats
54 creatures vanquished.

Notes
Turn   | Place    | Note
-------+----------+-------------------------------------------
     0 | D:1      | holycorn the Hill Orc Fighter began the quest for the Orb.
     0 | D:1      | Reached XP level 1. HP: 19/19 MP: 1/1
   252 | D:1      | Reached skill level 3 in Axes
   252 | D:1      | Reached XP level 2. HP: 20/27 MP: 2/2
  1013 | D:2      | Found Ywneeti's General Store.
  1052 | D:2      | Reached XP level 3. HP: 33/33 MP: 3/3
  1178 | D:2      | Noticed Jessica
  1180 | D:2      | Killed Jessica
  1181 | D:2      | Reached skill level 4 in Axes
  1181 | D:2      | Reached XP level 4. HP: 26/41 MP: 4/4
  1556 | D:2      | Noticed Natasha
  1568 | D:2      | Killed Natasha
  1659 | D:2      | Noticed Natasha
  1677 | D:2      | Killed Natasha
  1678 | D:2      | Reached XP level 5. HP: 15/47 MP: 5/5
  1833 | D:2      | Noticed Natasha
  1837 | D:2      | Killed Natasha
  1838 | D:2      | Reached skill level 5 in Axes
  2109 | D:2      | Found a faded altar of an unknown god.
  2118 | D:2      | Prayed at the altar of an unknown god.
  2118 | D:2      | Became a worshipper of Elyvilon the Healer
  2118 | D:2      | Reached * piety under Elyvilon
  2170 | D:3      | Found an ornate altar of the Wu Jian Council.
  2170 | D:3      | Noticed Terence
  2183 | D:3      | Killed Terence
  2420 | D:3      | Found an opulent altar of Gozag.
  2566 | D:3      | Reached ** piety under Elyvilon
  2792 | D:3      | Noticed Robin
  2800 | D:3      | Killed Robin
  2895 | D:4      | HP: 1/47 [gnoll/+0 flail (8)]
  2895 | D:4      | Elyvilon protects you from harm!
  2895 | D:4      | Slain by a gnoll

Illustrated notes

Levels and vault maps discovered:
D:1:      dpeg_arrival_court, layout_basic
D:2:      kennysheep_the_goblin_king, layout_loops_ring, serial_shops,
          shop_fountains, basic_ecumenical_altar, uniq_jessica, uniq_natasha
D:3:      layout_basic, mainiacjoe_overflow_concentric_impassable,
          nicolae_wu_jian_wuxing_cycle, uniq_terence, uniq_robin
D:4:      minmay_polygon_palace, layout_basic, minmay_temple_entry_junction,
          uniq_crazy_yiuf_cottage, uniq_eustachio

Skill      XL: |  1  2  3  4  5 |
---------------+----------------+-----
Axes           | 3 4 5 |  5.5
Fighting       | 4 |  4.7
Armour         | 4 |  4.7
Dodging        | |  0.5
Stealth        | |  0.1
Shields        | |  3.2

Action                   |  1- 3 |  4- 6 || total
-------------------------+-------+-------++-------
Melee: War axe           |    66 |   106 ||   172
Armor: Scale mail        |    31 |    48 ||    79
Dodge: Dodged            |    27 |    64 ||    91
Block: Buckler           |    24 |    25 ||    49
